 Dungeon Crawl Stone Soup version 0.31-a0-965-g8a8ce12e04 (webtiles) character file.

Game seed: 3913533158251175814

251 tsujin the Charlatan (level 5, -2/39 HPs)
             Began as a Demonspawn Artificer on Oct 26, 2023.
             Killed by nerve-wracking pain
             ... invoked by an orc priest
              (7 damage)
             ... on level 4 of the Dungeon.
             The game lasted 00:07:20 (3737 turns).

tsujin the Charlatan (Demonspawn Artificer)         Turns: 3737, Time: 00:07:21

Health: -2/39      AC:  9    Str: 14    XL:     5   Next: 88%
Magic:  5/5        EV:  2    Int: 12    God:
Gold:   117        SH: 12    Dex: 14    Spells: 4/4 levels left

rFire   + . .        k - +0 flail (protect)
rCold   . . .        f - +0 tower shield
rNeg    . . .        l - +1 chain mail {rF+}
rPois   .            g - +0 hat
rElec   .            (no cloak)
rCorr   .            (no gloves)
SInv    .            (no boots)
Will    .....        (no amulet) Stlth
                     (no ring)
HPRegen 0.26/turn    (no ring)
MPRegen 0.09/turn

%: no passive effects
@: hasted, very quick
A: foul stench 1, powered by pain 2
a: no special abilities


You were on level 4 of the Dungeon.
You visited 1 branch of the dungeon, and saw 4 of its levels.

You collected 117 gold pieces.

Inventory:

Hand Weapons
 k - a +0 flail of protection (weapon)
Armour
 f - a +0 tower shield (worn)
 g - a +0 hat (worn)
 l - a +1 chain mail of fire resistance (worn)
Wands
 c - a wand of flame (2) (quivered)
 d - a wand of charming (15)
 e - a wand of iceblast (3)
Potions
 a - a potion of haste
 b - 2 potions of heal wounds {unknown}
 h - a potion of cancellation {unknown}
 j - 2 potions of attraction {unknown}


   Skills:
 + Level 2.5 Fighting
 * Level 3.2 Maces & Flails
 + Level 2.4 Armour
 - Level 0.8 Dodging
 - Level 0.8 Stealth
 + Level 1.4 Shields
 + Level 3.9 Evocations


You had 4 spell levels left.
You didn't know any spells.
Your spell library was empty.

Dungeon Overview and Level Annotations

Branches:
Dungeon (4/15)
 Temple: D:4-7

Altars:
Ru

Shops:
D:2 (

Portals:
Abyss: D:3

Annotations:
D:3 2 transporters, PowderKeg's ghost, amateur OpSh


Innate Abilities, Weirdness & Mutations

You may rarely emit foul miasma when damaged in melee.
You sometimes gain power by taking damage.


Message History

You block the gnoll's attack. x2
You hit the gnoll.
Your weapon exudes an aura of protection.
You kill the gnoll!
You see here a +0 flail.
There is a stone staircase leading down here.
You start resting.
HP restored.
Health restored: 39 You climb downwards.
The gnoll shouts!
The orc priest shouts!
There is a stone staircase leading up, spattered with blood here.
You climb upwards.
Level annotation: 2 transporters, PowderKeg's ghost, amateur OpSh
There is a stone staircase leading down here.
You climb downwards.
The adder hisses angrily.
The gnoll hits you with a +0 club.
The gnoll hits you from afar with a +0 spear.
The gnoll hits you but does no damage.
The orc priest enters a dispersal trap!
The adder blinks!
The gnoll blinks!
The adder blinks!
You blink.
The orc priest blinks!
You take 9 damage, and have 30/39 hp.
MASSIVE DAMAGE!!
You can't go up here!
The gnoll enters a dispersal trap!
The gnoll blinks!
The orc priest blinks!
The gnoll blinks! x2; The orc priest blinks!
You blink.
The orc priest invokes the aid of Beogh against you.
Beogh smites you!
You hear a shout!
You take 15 damage, and have 16/39 hp.
MASSIVE DAMAGE!!
The orc priest calls down the wrath of Beogh upon you.
Beogh smites you!
* * * LOW HITPOINT WARNING * * *
You hear a shout!
You take 13 damage, and have 3/39 hp.
MASSIVE DAMAGE!!
You feel yourself speed up.
An orc comes into view. It is wielding a +0 club.
The orc priest mumbles some strange prayers to Beogh against you.
Pain shoots through your body!
You die...

####### ########
#.....# #......#######
#.....# #......##.....
#.....###......##.....
#.....................
#.@....o.o.......§.
#..................
....####..g..?.##...o.
#.... #.......##....§
#... #########.....g
#... ..=..### #..
..###... #.. # #....
...#...


You could see an orc priest, a gnoll and an orc.

Vanquished Creatures
  A scorpion (D:3)
  A howler monkey (D:3)
  A hound (D:3)
  Terence (D:3)
  A gnoll (D:3)
  2 adders
  2 worms (D:2)
  A dart slug (D:1)
  2 orcs (D:3)
  5 ball pythons
  8 endoplasms
  6 giant cockroaches
  8 goblins
  7 hobgoblins
  4 quokkas
  5 bats
  2 frilled lizards
  2 kobolds
  3 rats
62 creatures vanquished.

Notes
Turn   | Place    | Note
-------+----------+-------------------------------------------
     0 | D:1      | tsujin the Demonspawn Artificer began the quest for the
                  | Orb.
     0 | D:1      | Reached XP level 1. HP: 15/15 MP: 1/1
   513 | D:1      | Reached skill level 1 in Maces & Flails
   513 | D:1      | Gained mutation: You sometimes gain a little power by
                  | taking damage. [demonic ancestry]
   513 | D:1      | Reached XP level 2. HP: 20/21 MP: 2/2
  1082 | D:2      | Found Ocixanir's Antique Weapon Shoppe.
  1115 | D:2      | Gained mutation: You sometimes gain power by taking damage.
                  | [demonic ancestry]
  1115 | D:2      | Reached XP level 3. HP: 27/27 MP: 3/3
  2385 | D:3      | Noticed Terence
  2394 | D:3      | Killed Terence
  2395 | D:3      | Gained mutation: You may rarely emit foul miasma when
                  | damaged in melee. [demonic ancestry]
  2395 | D:3      | Reached XP level 4. HP: 6/33 MP: 4/4
  2521 | D:3      | Found a transporter.
  2553 | D:3      | Found a one-way gate to the infinite horrors of the Abyss.
  2553 | D:3      | Noticed PowderKeg's ghost (amateur OpSh)
  2558 | D:3      | Found a transporter.
  2572 | D:3      | Noticed a kobold brigand
  2821 | D:3      | Found a sacrificial altar of Ru.
  3390 | D:4      | Noticed a scorpion
  3416 | D:3      | Reached skill level 1 in Shields
  3416 | D:3      | Reached XP level 5. HP: 18/38 MP: 5/5
  3737 | D:4      | Killed from afar by an orc priest

Illustrated notes

Levels and vault maps discovered:
D:1:      lightli_arrival_chessboard, layout_loops_corners,
          nicolae_figureground_sparkle
D:2:      layout_basic, serial_shops, shop
D:3:      layout_loops_corners, nicolae_ru_great_annihilating_truth,
          gammafunk_ghost_abyssal_escape, uniq_terence
D:4:      nicolae_cairo_tiling, layout_basic, trog_three_pillars_becter,
          uniq_sigmund

Skill      XL: |  1  2  3  4  5 |
---------------+----------------+-----
Maces & Flails | 1 2 3 |  3.2
Fighting       | 2 |  2.5
Armour         | 2 |  2.4
Shields        | 1 |  1.4
Dodging        | |  0.8
Stealth        | |  0.8
Evocations     | |  3.9

Action                     |  1- 3 |  4- 6 || total
---------------------------+-------+-------++-------
  Melee: Club              |   132 |       ||   132
         Flail             |       |    93 ||    93
  Evoke: Wand              |     9 |     6 ||    15
    Use: Scroll            |     1 |     2 ||     3
         Potion            |       |     1 ||     1
   Stab: Paralysed         |       |     2 ||     2
         Invisible         |       |     1 ||     1
 Armour: Leather armour    |     9 |       ||     9
         Chain mail        |   103 |   111 ||   214
  Dodge: Dodged            |    43 |    15 ||    58
  Block: Tower shield      |    15 |    89 ||   104

Table legend: (Time is in decaauts)
 A = Elapsed time spent in this place.
 B = Non-inter-level travel time spent in this place.
 C = Inter-level travel time spent in this place.
 D = Time resting spent in this place.
 E = Time spent auto-exploring this place.
 F = Levels seen in this place.
 G = Mean time per level.
                   A        B        C        D        E       F      G
               +--------+--------+--------+--------+--------+-----+--------+
         Total |   3853 |   3694 |    159 |    373 |   2511 |   4 |  963.2 |
       Dungeon |   3853 |   3694 |    159 |    373 |   2511 |   4 |  963.2 |
               +--------+--------+--------+--------+--------+-----+--------+

Top non-repeatable levels by time:
     D:3: 1385 daAuts
     D:2: 1305 daAuts
     D:1: 1097 daAuts
     D:4: 65 daAuts
